 Dungeon Crawl Stone Soup version 0.20.1-1-g8b1a95d (webtiles) character file.

203 beigtais the Conjurer (level 5, -4/28 HPs)
             Began as a Deep Elf Conjurer on Aug 4, 2017.
             Slain by Natasha (7 damage)
             ... on level 3 of the Dungeon.
             The game lasted 00:23:27 (3551 turns).

beigtais the Conjurer (Deep Elf Conjurer)           Turns: 3551, Time: 00:23:28

Health: -4/28      AC:  5    Str:  5      XL:     5   Next: 51%
Magic:  22/22      EV: 13    Int: 21      God:
Gold:   85         SH:  0    Dex: 14 (15) Spells: 2/12 levels left

rFire    . . .     SeeInvis .   u - +3 quarterstaff (chaos)
rCold    . . .     Gourm    .   (shield currently unavailable)
rNeg     . . .     Faith    .   a - +0 robe
rPois    .         Spirit   .   s - +0 helmet
rElec    .         Reflect  .   (no cloak)
rCorr    .         Harm     .   d - +1 pair of gloves
MR       .....                  (no boots)
Stlth    ++........             (no amulet)
Regen    0.1/turn               o - ring of magical power
MPRegen  0.2/turn               (no ring)

@: drained
A: no striking features
a: no special abilities


You were on level 3 of the Dungeon.
You were hungry.

You visited 1 branch of the dungeon, and saw 3 of its levels.

You collected 85 gold pieces.

Inventory:

Hand Weapons
 e - a +0 dagger of venom
 h - a +2 dagger of draining
 q - a cursed -3 dagger
 r - a +0 falchion of holy wrath
 t - a +1 dagger of draining
 u - a +3 quarterstaff of chaos (weapon)
Missiles
 f - 55 stones (quivered)
 l - 22 poisoned needles
Armour
 a - a +0 robe (worn)
 d - a +1 pair of gloves (worn)
 s - a +0 helmet (worn)
 v - a +0 cloak
Jewellery
 o - a ring of magical power (left hand)
Scrolls
 i - a scroll of teleportation
 j - a scroll of amnesia
Books
 b - a book of Conjurations

   Spells                             Type                      Level
   a - Magic Dart                     Conjuration                  1
   b - Searing Ray                    Conjuration                  2
   c - Dazzling Spray                 Conjuration/Hexes            3
   d - Fulminant Prism                Conjuration/Hexes            4
   e - Force Lance                    Conjuration/Translocation    4
   f - Iskenderun's Mystic Blast      Conjuration                  4
Comestibles
 c - a bread ration
 k - 2 royal jellies
 m - 4 meat rations


   Skills:
 + Level 1.4(1.3) Short Blades
 * Level 0.4(0.3) Staves
 * Level 1.1(1.0) Throwing
 * Level 3.4(3.3) Dodging
 * Level 3.1(3.0) Stealth
 * Level 4.3(4.2) Spellcasting
 * Level 5.7(5.6) Conjurations
 + Level 0.3(0.2) Hexes


You had 2 spell levels left.
You knew the following spells:

 Your Spells              Type           Power        Failure   Level  Hunger
a - Magic Dart            Conj           ####         1%          1    None
b - Searing Ray           Conj           ####..       1%          2    #......
c - Fulminant Prism       Conj/Hex       ###.......   34%         4    ####...
d - Dazzling Spray        Conj/Hex       ###...       11%         3    ###....


Dungeon Overview and Level Annotations

Branches:
Dungeon (3/15)

Altars:
Trog

Annotations:
D:3 Natasha


Message History

Natasha, Servant of Life and Death comes into view.
You closely miss Natasha. Natasha barely misses you.
Natasha closely misses you.
You hit Natasha.
Distant voices call out to Natasha!
Natasha is moderately wounded.
Natasha claws you but does no damage.
You completely miss Natasha.
Natasha is moderately wounded.
Natasha claws you!
You hit Natasha. You freeze Natasha.
Natasha is heavily wounded.
Natasha claws you! x2
* * * LOW HITPOINT WARNING * * *
It was a potion of curing.
You feel better. Natasha claws you!
* * * LOW HITPOINT WARNING * * *
You closely miss Natasha.
Natasha is heavily wounded.
Natasha claws you!
You die...

...
#.#....#.###.
#.# #.#....#.#
#. #.#
#.######.# #.
###.####.###.###
#.# #.
.............(#
#.# #.
#.####.###.#.#
..# #. ...#.#
#...# ### #.
#.#h####### #.
#.@........ #.
#....######
#.........#
#..######## #


You could see Natasha.

Vanquished Creatures
  Crazy Yiuf (D:3)
  Natasha (D:3)
  Robin (D:3)
  6 adders (D:2)
  A worm (D:3)
  2 dart slugs
  A leopard gecko (D:1)
  2 orcs (D:3)
  2 giant cockroaches
  16 goblins
  10 hobgoblins
  6 jackals (D:1)
  2 quokkas (D:3)
  A ball python (D:1)
  7 bats
  4 frilled lizards (D:1)
  8 kobolds
  4 rats
75 creatures vanquished.

Vanquished Creatures (others)
  6 fulminant prisms (D:3)
6 creatures vanquished.

Grand Total: 81 creatures vanquished

Notes
Turn   | Place    | Note
-------+----------+-------------------------------------------
     0 | D:1      | beigtais the Deep Elf Conjurer began the quest for the Orb.
     0 | D:1      | Reached XP level 1. HP: 10/10 MP: 6/6
    99 | D:1      | Reached XP level 2. HP: 15/15 MP: 0/8
   103 | D:1      | Learned a level 2 spell: Searing Ray
   328 | D:1      | Reached skill level 5 in Conjurations
   708 | D:1      | Reached XP level 3. HP: 7/19 MP: 7/9
  1695 | D:2      | Reached XP level 4. HP: 24/24 MP: 4/11
  1759 | D:2      | Learned a level 4 spell: Fulminant Prism
  1913 | D:2      | Reached skill level 1 in Short Blades
  2304 | D:2      | Found a bloodstained altar of Trog.
  2498 | D:2      | Learned a level 3 spell: Dazzling Spray
  2543 | D:3      | Reached skill level 1 in Throwing
  2656 | D:3      | Noticed Robin
  2674 | D:3      | Killed Robin
  2737 | D:3      | Reached XP level 5. HP: 26/28 MP: 3/12
  2985 | D:3      | Found a runed door.
  2989 | D:3      | Noticed Crazy Yiuf
  3018 | D:3      | Killed Crazy Yiuf
  3344 | D:3      | Noticed Natasha
  3405 | D:3      | Killed Natasha
  3545 | D:3      | Noticed Natasha
  3551 | D:3      | Slain by Natasha

Skill      XL: |  1  2  3  4  5 |
---------------+----------------+-----
Conjurations   | 5 |  5.7
Dodging        | 3 |  3.4
Short Blades   | 1 |  1.4
Throwing       | 1 |  1.1
Stealth        | 3 |  3.1
Spellcasting   | 4 |  4.3
Staves         | |  0.4
Hexes          | |  0.3

Action                   |  1- 3 |  4- 6 || total
-------------------------+-------+-------++-------
Melee: Dagger            |     7 |    21 ||    28
       Quarterstaff      |       |    24 ||    24
 Cast: Magic Dart        |    78 |    31 ||   109
       Searing Ray       |     2 |     1 ||     3
       Fulminant Prism   |       |     6 ||     6
  Use: Scroll            |     6 |     2 ||     8
       Potion            |       |    10 ||    10
 Stab: Sleeping          |     1 |       ||     1
       Distracted        |       |     1 ||     1
  Eat: Chunk             |     2 |     7 ||     9
Armor: Robe              |    15 |    11 ||    26
Dodge: Dodged            |    36 |    28 ||    64
